 Dungeon Crawl Stone Soup version 0.27-a0-1065-ge809cff456 (webtiles) character file.

Game seed: 2521453604126044473

4 strifetoe the Shield-Bearer (level 1, 0/19 HPs)
             Began as a Minotaur Fighter on Apr 23, 2021.
             Slain by a gnoll
             ... wielding a +0 flail
              (7 damage)
             ... on level 1 of the Dungeon.
             The game lasted 00:00:22 (380 turns).

strifetoe the Shield-Bearer (Minotaur Fighter)       Turns: 380, Time: 00:00:22

Health: 0/19       AC:  8    Str: 20    XL:     1   Next: 50%
Magic:  0/0        EV:  7    Int:  5    God:
Gold:   8          SH:  9    Dex:  9    Spells: 0/0 levels left

rFire    . . .     SeeInvis .   a - +0 war axe
rCold    . . .     Faith    .   c - +0 kite shield
rNeg     . . .     Spirit   .   b - +0 scale mail
rPois    .         Reflect  .   (helmet restricted)
rElec    .         Harm     .   (no cloak)
rCorr    .         Rampage  .   (no gloves)
Will     .....                  f - +0 pair of boots
Stlth    ..........             (no amulet)
HPRegen  0.06/turn              (no ring)
MPRegen  0.07/turn              (no ring)

@: no status effects
A: horns 2, retaliatory headbutt
a: no special abilities


You were on level 1 of the Dungeon.
You visited 1 branch of the dungeon, and saw 1 of its levels.

You collected 8 gold pieces.

Inventory:

Hand Weapons
 a - a +0 war axe (weapon)
Armour
 b - a +0 scale mail (worn)
 c - a +0 kite shield (worn)
 f - a +0 pair of boots (worn)
Scrolls
 e - a scroll of identify {unknown}
 g - a scroll of noise {unknown}
Potions
 d - a potion of might


   Skills:
 - Level 3.6 Fighting
 + Level 2.9 Axes
 - Level 3.6 Armour
 - Level 3.6 Shields


You couldn't memorise any spells.
You didn't know any spells.
Your spell library was empty.

Dungeon Overview and Level Annotations

Branches:
Dungeon (1/15)

Altars:


Innate Abilities, Weirdness & Mutations

You have a pair of horns on your head.
You reflexively headbutt those who attack you in melee.


Message History

No target in view!
No target in view!
No target in view!
No target in view!
No target in view!
No target in view!
No target in view!
No target in view!
No target in view!
No target in view!
You now have 8 gold pieces.
A gnoll comes into view. It is wielding a +0 flail.
The gnoll shouts!
A gnoll is nearby!
A gnoll is nearby!
A gnoll is nearby!
A goblin comes into view. It is wielding a +0 club.
The goblin shouts!
You closely miss the gnoll. The gnoll hits you but does no damage.
You block the gnoll's attack.
You barely miss the gnoll. The gnoll completely misses you.
You closely miss the gnoll. The gnoll barely misses you.
You furiously retaliate!
You headbutt the gnoll. The gnoll hits you with a +0 flail!
You barely miss the gnoll.
The gnoll is lightly wounded.
The gnoll hits you but does no damage. x2
You closely miss the gnoll.
The gnoll is lightly wounded.
The gnoll barely misses you.
You hit the gnoll. Your headbutt misses the gnoll.
The gnoll is moderately wounded.
You block the gnoll's attack. The gnoll hits you but does no damage.
You hit the gnoll.
The gnoll is heavily wounded.
The gnoll barely misses you.
Your shield and scale mail prevent you from hitting the gnoll.
The gnoll is heavily wounded.
The gnoll hits you with a +0 flail. The gnoll hits you with a +0 flail!
You die...

####..............##
..##..####.####..#
.......####.##.....#
... ###.............#
.. #.............#
#............. #
#.....†....... .#
#..###.....#########.#
#.............@gg...#
######.......########
...#.............#
#.#....########.# #
#.#....# #.####.#
#....### #.#....#
####.### #.#.#
#...########.#.#
#.#..........#......


You could see a gnoll and a goblin.

Vanquished Creatures
  An endoplasm (D:1)
  2 ball pythons (D:1)
  A bat (D:1)
4 creatures vanquished.

Notes
Turn   | Place    | Note
-------+----------+-------------------------------------------
     0 | D:1      | strifetoe the Minotaur Fighter began the quest for the Orb.
     0 | D:1      | Reached XP level 1. HP: 19/19 MP: 0/0
   380 | D:1      | Slain by a gnoll

Illustrated notes

Levels and vault maps discovered:
D:1:      mainiacjoe_arrival_reflecting_pool, layout_basic,
          ebering_ecumenical_altar_mist, serial_co_window_serial,
          co_window_of_opportunity_a, co_window_of_opportunity_a,
          co_window_of_opportunity_a, co_window_of_opportunity_a,
          co_window_paths_b, co_window_paths_b, co_window_corner_a,
          co_window_corner_b, co_window_corner_b, co_window_4corner_b,
          co_window_4corner_a, glass_columns_b

Action                   || total
-------------------------++-------
Melee: War axe           ||    22
       Headbutt          ||     1
Armor: Scale mail        ||    12
Dodge: Dodged            ||     9
Block: Kite shield       ||     8

Table legend: (Time is in decaauts)
 A = Elapsed time spent in this place.
 B = Non-inter-level travel time spent in this place.
 C = Inter-level travel time spent in this place.
 D = Time resting spent in this place.
 E = Time spent auto-exploring this place.
 F = Levels seen in this place.
 G = Mean time per level.
                   A        B        C        D        E       F      G
               +--------+--------+--------+--------+--------+-----+--------+
         Total |    392 |    338 |     54 |      0 |    277 |   1 |  392.0 |
       Dungeon |    392 |    338 |     54 |      0 |    277 |   1 |  392.0 |
               +--------+--------+--------+--------+--------+-----+--------+

Top non-repeatable levels by time:
     D:1: 392 daAuts
